 Dungeon Crawl Stone Soup version 0.27-a0-607-g1ad3dbde53 (webtiles) character file.

Game seed: 15334655779465019136

887 Togure the Chopper (level 7, -13/61 HPs)
             Began as a Minotaur Berserker on Mar 13, 2021.
             Was a Priest of Trog.
             Mangled by an ogre
             ... wielding a +0 giant club
              (22 damage)
             ... on level 5 of the Dungeon.
             The game lasted 00:23:34 (4984 turns).

Togure the Chopper (Minotaur Berserker)             Turns: 4984, Time: 00:23:34

Health: -13/61     AC: 10    Str: 23    XL:     7   Next: 77%
Magic:  6/6        EV:  9    Int:  4    God:    Trog [***...]
Gold:   271        SH:  0    Dex: 10    Spells: 6/6 levels left

rFire    . . .     SeeInvis +   u - +0 war axe
rCold    . . .     Faith    .   (no shield)
rNeg     . . .     Spirit   .   l - +0 chain mail
rPois    .         Reflect  .   (helmet restricted)
rElec    .         Harm     .   (no cloak)
rCorr    .         Rampage  .   (no gloves)
Will     .....                  (no boots)
Stlth    ..........             (no amulet)
HPRegen  0.20/turn              h - ring of see invisible
MPRegen  0.10/turn              (no ring)

@: berserk cooldown
A: horns 2, retaliatory headbutt
a: Renounce Religion, Berserk, Trog's Hand


You were on level 5 of the Dungeon.
You worshipped Trog.
Trog was most pleased with you.
You visited 2 branches of the dungeon, and saw 6 of its levels.

You collected 271 gold pieces.

Inventory:

Hand Weapons
 n - a +0 hunting sling
 u - a +0 war axe (weapon)
Missiles
 e - 73 arrows
 f - 178 stones
 o - 2 throwing nets
 s - 25 bolts
 t - 10 silver javelins
Armour
 k - a +0 kite shield
 l - a +0 chain mail (worn)
Jewellery
 h - a ring of see invisible (right hand)
Scrolls
 b - 2 scrolls of identify {unknown}
 c - a scroll of immolation {unknown}
 g - 2 scrolls of noise {unknown}
 j - 4 scrolls of teleportation {unknown}
 m - 2 scrolls of fog {unknown}
 r - a scroll of enchant armour {unknown}
Potions
 a - a potion of curing {unknown}
 d - a potion of ambrosia {unknown}
 i - a potion of experience {unknown}
 p - a potion of cancellation {unknown}
 q - a potion of attraction {unknown}


   Skills:
 + Level 5.5 Fighting
 * Level 7.9 Axes
 * Level 7.0 Armour
 - Level 2.3 Dodging
 - Level 0.3 Stealth


You had 6 spell levels left.
You didn't know any spells.
Your spell library was empty.

Dungeon Overview and Level Annotations

Branches:
Dungeon (5/15)             Temple (1/1) D:4

Altars:
Cheibriados
Dithmenos
Fedhas
Gozag
Hepliaklqana
Nemelex Xobeh
Okawaru
Ru
Sif Muna
Trog
Vehumet
Wu Jian
Xom
Yredelemnul
Zin
Lugonu


Innate Abilities, Weirdness & Mutations

You have a pair of horns on your head.
You reflexively headbutt those who attack you in melee.


Message History

You closely miss the ice beast.
The ice beast is moderately wounded.
You slash the iguana! The iguana bites you.
The ice beast hits you but does no damage.
The iguana bites you but does no damage.
Your chain mail prevents you from hitting the ice beast.
You headbutt the ice beast.
The ice beast is heavily wounded.
You hit the iguana but do no damage.
The ice beast hits you but does no damage.
The iguana bites you!
* * * LOW HITPOINT WARNING * * *
The ice beast barely misses you. The iguana closely misses you.
You see here a hound corpse.
You closely miss the iguana.
The iguana is moderately wounded.
The iguana bites you but does no damage.
The iguana bites you.
* * * LOW HITPOINT WARNING * * *
An ogre comes into view. It is wielding a +0 giant club.
The ogre shouts!
The iguana barely misses you.
The iguana bites you but does no damage.
The ice beast hits you but does no damage.
The iguana completely misses you. You furiously retaliate!
You headbutt the iguana! The iguana barely misses you.
The iguana barely misses you. The ogre barely misses you.
The ice beast hits you but does no damage.
The iguana bites you.
* * * LOW HITPOINT WARNING * * *
You feel yourself speed up.
The iguana hisses menacingly.
A leopard gecko comes into view.
The leopard gecko hisses angrily.
The leopard gecko hisses menacingly.
There is a stone staircase leading up here.
The ogre hits you with a +0 giant club!!
You die...

...# ... #....... #.....#
....#....... #......
.#.......... ...#..(
....##.#.)#''# .##......$.
......##.##..#
...........##.......#.†##..#
............##..........####
....!#(.l.........<......##.
..#....?...@................
........#..O................
.......##...Y>...........<..
......Y)#...................
.......#†.....l.............
....?.##.............#......
...##..#......##...###......
...#...#.....###.### #......
.............###.# #......


You could see an ice beast, an ogre, an iguana and a leopard gecko.

Vanquished Creatures
  Eustachio (D:4)
  An ogre (D:4)
  Blork the orc (D:4)
  A quasit (D:5)
  A jelly (D:5)
  A bullfrog skeleton (D:4)
  2 hounds (D:5)
  An orc priest (D:5)
  A centaur skeleton (D:3)
  An iguana (D:3)
  An orc wizard (D:5)
  3 worker ants (D:4)
  A hound zombie (D:5)
  7 gnolls
  5 adders
  A white imp (D:4)
  2 adder skeletons
  4 worms
  7 dart slugs
  6 leopard geckos
  8 orcs
  2 giant cockroaches
  6 goblins
  8 hobgoblins
  6 jackals
  10 kobolds
  3 quokkas
  5 bats
  7 frilled lizards
  A quokka zombie (D:5)
  7 rats
111 creatures vanquished.

Notes
Turn   | Place    | Note
-------+----------+-------------------------------------------
     0 | D:1      | Togure the Minotaur Berserker began the quest for the Orb.
     0 | D:1      | Reached XP level 1. HP: 19/19 MP: 0/0
   761 | D:1      | HP: 1/20 [goblin/+0 hand axe (5)]
  1218 | D:1      | Reached XP level 2. HP: 27/27 MP: 1/1
  1436 | D:1      | Reached XP level 3. HP: 33/33 MP: 2/2
  1848 | D:2      | Found a shadowy altar of Dithmenos.
  1931 | D:2      | Reached ** piety under Trog
  1965 | D:2      | Reached XP level 4. HP: 38/41 MP: 3/3
  2173 | D:2      | Found a radiant altar of Vehumet.
  2209 | D:2      | You fall into a shaft and drop 1 floor!
  2215 | D:3      | Reached skill level 5 in Fighting
  2215 | D:3      | Reached skill level 5 in Axes
  2465 | D:3      | Reached XP level 5. HP: 48/48 MP: 4/4
  2958 | D:3      | Found a snail-covered altar of Cheibriados.
  3223 | D:3      | Found a bloodstained altar of Trog.
  3329 | D:4      | Found a staircase to the Ecumenical Temple.
  3352 | Temple   | Entered the Ecumenical Temple
  3444 | D:4      | Found a sacrificial altar of Ru.
  3479 | D:4      | Reached skill level 5 in Armour
  3509 | D:4      | Reached XP level 6. HP: 56/56 MP: 5/5
  3587 | D:4      | Noticed Eustachio
  3644 | D:4      | Killed Eustachio
  3922 | D:4      | Reached XP level 7. HP: 20/61 MP: 6/6
  3935 | D:4      | Reached *** piety under Trog
  4171 | D:4      | Found a shimmering blue altar of Sif Muna.
  4449 | D:4      | Noticed Blork the orc
  4456 | D:4      | Killed Blork the orc
  4785 | D:5      | Entered Level 5 of the Dungeon
  4917 | D:5      | Found a sparkling altar of Nemelex Xobeh.
  4918 | D:5      | Identified the +5 whip of Xutecs {flame, Int+2}
  4984 | D:5      | Mangled by an ogre

Illustrated notes

Levels and vault maps discovered:
D:1:      dpeg_arrival_concentric_ovals, layout_basic
D:2:      minmay_chambers_of_ones, layout_basic,
          nicolae_dithmenos_shadow_blocks, lemuel_crystal_altar,
          marbit_many_paths, grunt_qazlal_sundering,
          chequers_serial_rivers_small_a
D:3:      cheibrodos_helix_gallery, layout_loops_ring, lightli_temple_of_fire,
          cheibriados_altar_1
D:4:      layout_basic, nicolae_ru_path_of_blood, kennysheep_mini_moat,
          minmay_temple_entry_butterflies, minmay_pentangle, uniq_blork_the_orc,
          uniq_eustachio
D:5:      layout_cave_pools, nemelex_xobeh_ov_fountains_minmay,
          lemuel_zombie_altar_kikubaaqudgha, kennysheep_little_box,
          serial_gnoll_camp, gnoll_camp_mini_hut, gnoll_camp_mini_hut,
          gnoll_camp_huts_basic, gnoll_camp_mini_hut, uniq_menkaure,
          uniq_sigmund, uniq_duvessa, uniq_crazy_yiuf_cottage
Temple:   corrupted_temple

Skill      XL: |  1  2  3  4  5  6  7 |
---------------+----------------------+-----
Axes           | 4 5 6 7 |  7.9
Fighting       | 4 5 |  5.5
Armour         | 3 5 6 7 |  7.0
Dodging        | |  2.3
Stealth        | |  0.3

Action                   |  1- 3 |  4- 6 |  7- 9 || total
-------------------------+-------+-------+-------++-------
Melee: Hand axe          |    73 |   139 |       ||   212
       Headbutt          |    10 |    25 |     8 ||    43
       War axe           |       |     9 |    69 ||    78
Invok: Berserk           |     3 |     1 |     3 ||     7
Armor: Animal skin       |    10 |       |       ||    10
       Chain mail        |    10 |    81 |    49 ||   140
Dodge: Dodged            |    42 |    59 |    39 ||   140

Table legend: (Time is in decaauts)
 A = Elapsed time spent in this place.
 B = Non-inter-level travel time spent in this place.
 C = Inter-level travel time spent in this place.
 D = Time resting spent in this place.
 E = Time spent auto-exploring this place.
 F = Levels seen in this place.
 G = Mean time per level.
                   A        B        C        D        E       F      G
               +--------+--------+--------+--------+--------+-----+--------+
         Total |   5075 |   4819 |    256 |   1655 |   2022 |   6 |  845.8 |
       Dungeon |   5027 |   4771 |    256 |   1655 |   1988 |   5 | 1005.4 |
        Temple |     48 |     48 |      0 |      0 |     34 |   1 |   48.0 |
               +--------+--------+--------+--------+--------+-----+--------+

Top non-repeatable levels by time:
     D:1: 1899 daAuts
     D:4: 1515 daAuts
     D:3: 1089 daAuts
     D:2: 350 daAuts
     D:5: 171 daAuts
  Temple: 48 daAuts
